 Dungeon Crawl Stone Soup version 0.26-a0-835-g8259106e14 (webtiles) character file.

Game seed: 15905948504767215513

46 marklar909 the Vandal (level 3, 0/24 HPs)
             Began as a Halfling Hunter on Nov 18, 2020.
             Succumbed to an adder's poison
             ... on level 1 of the Dungeon.
             The game lasted 00:01:10 (963 turns).

marklar909 the Vandal (Halfling Hunter)              Turns: 963, Time: 00:01:11

Health: 0/24       AC:  3    Str: 13    XL:     3   Next: 95%
Magic:  3/3        EV: 14    Int:  9    God:
Gold:   44         SH:  0    Dex: 15    Spells: 2/2 levels left

rFire    . . .     SeeInvis .   a - +1 hunting sling
rCold    . . .     Faith    .   (shield restricted)
rNeg     . . .     Spirit   .   c - +0 leather armour
rPois    .         Reflect  .   (no helmet)
rElec    .         Harm     .   (no cloak)
rCorr    .         Rampage  .   (no gloves)
MR       .....                  (no boots)
Stlth    ++........             (no amulet)
HPRegen  0.08/turn              (no ring)
MPRegen  0.08/turn              (no ring)

@: lethally poisoned (0 -> -8), hasted, very quick
A: small, mutation resistance 1
a: no special abilities


You were on level 1 of the Dungeon.
You visited 1 branch of the dungeon, and saw 2 of its levels.

You collected 44 gold pieces.

Inventory:

Hand Weapons
 a - a +1 hunting sling (weapon)
 b - a +0 short sword
Missiles
 d - 39 sling bullets
 f - 19 stones (quivered)
Armour
 c - a +0 leather armour (worn)
Scrolls
 e - 2 scrolls of enchant weapon {unknown}
 h - a scroll of remove curse {unknown}
 i - 3 scrolls of identify {unknown}
 j - a scroll of fear {unknown}
 k - a scroll of amnesia {unknown}
 m - a scroll of teleportation {unknown}


   Skills:
 + Level 2.3 Fighting
 + Level 7.1 Slings
 + Level 0.4 Armour
 + Level 2.3 Dodging
 + Level 1.1 Stealth


You had 2 spell levels left.
You didn't know any spells.
Your spell library was empty.

Dungeon Overview and Level Annotations

Branches:
Dungeon (2/15)

Altars:
Trog


Innate Abilities, Weirdness & Mutations

You are small and have problems with some larger weapons.
You are somewhat resistant to further mutation.


Message History

* * * LOW HITPOINT WARNING * * *
You feel sick. The adder completely misses you.
It was a potion of haste.
You feel yourself speed up.
* * * LOW HITPOINT WARNING * * *
You feel sick. The adder closely misses you.
Firing (i - inventory. (/) - cycle)
f - 22 stones (quivered)
Press: ? - help, Shift-Dir - straight line, f/p - adder
Aim: an adder (severely wounded)
You shoot a stone. The stone closely misses the adder.
The adder bites you.
* * * LOW HITPOINT WARNING * * *
Firing (i - inventory. (/) - cycle)
f - 21 stones (quivered)
Press: ? - help, Shift-Dir - straight line, f/p - adder
Aim: an adder (severely wounded)
You shoot a stone. The stone closely misses the adder.
The adder misses you.
Firing (i - inventory. (/) - cycle)
f - 20 stones (quivered)
Press: ? - help, Shift-Dir - straight line, f/p - adder
Aim: an adder (severely wounded)
You shoot a stone. The stone hits the adder.
You kill the adder!
You die...

## #.#####.# ########...# #
#.#####.# ##........#.#
#.##....###.....###...#
#.##.#..##...÷...###.####
#.......................#
####.#####........##.##.#
######.### ##.....#.##.##.###
##........#####÷..##.##......#
....#........#..@..#.###.....#
....#..#..#..#..(..#.........#
.......#..#........#####.....#
..........#..#.....#####.....#
##..#..#.##..#..(..........###
....>........######.#####..#
##.##........# #.#####..#
PPP#####.##### #.##.....#
PPP......###### #.##.##.##


There were no monsters in sight!

Vanquished Creatures
  An adder (D:1)
  A gnoll (D:2)
  3 dart slugs (D:1)
  A leopard gecko (D:1)
  3 bats (D:1)
  A giant cockroach (D:2)
  3 goblins
  A hobgoblin (D:1)
  4 jackals (D:1)
  4 ball pythons (D:1)
  3 frilled lizards
  3 kobolds (D:1)
  5 rats
33 creatures vanquished.

Notes
Turn   | Place    | Note
-------+----------+-------------------------------------------
     0 | D:1      | marklar909 the Halfling Hunter began the quest for the Orb.
     0 | D:1      | Reached XP level 1. HP: 14/14 MP: 1/1
    86 | D:1      | Reached skill level 6 in Slings
   160 | D:1      | Reached XP level 2. HP: 19/19 MP: 2/2
   432 | D:1      | Reached XP level 3. HP: 23/24 MP: 3/3
   470 | D:1      | Reached skill level 7 in Slings
   864 | D:2      | Found a bloodstained altar of Trog.
   961 | D:1      | HP: 1/24 [adder (4)]
   963 | D:1      | Succumbed to an adder's poison

Illustrated notes

Levels and vault maps discovered:
D:1:      roderic_crop_circles_arrival_small, layout_loops_cross
D:2:      layout_basic, general_overflow_altar, nicolae_overflow_crystal_walls,
          yredelemnul_forgotten_temple_becter, minmay_strange_pillars,
          minmay_lizard_pond, uniq_robin

Skill      XL: |  1  2  3 |
---------------+----------+-----
Slings         | 6 7 |  7.1
Fighting       | 2 |  2.3
Armour         | |  0.4
Dodging        | |  2.3
Stealth        | |  1.1

Action                   || total
-------------------------++-------
 Fire: Hunting sling     ||   110
  Use: Potion            ||     2
Armor: Leather armour    ||     6
Dodge: Dodged            ||    37

Table legend: (Time is in decaauts)
 A = Elapsed time spent in this place.
 B = Non-inter-level travel time spent in this place.
 C = Inter-level travel time spent in this place.
 D = Time resting spent in this place.
 E = Time spent auto-exploring this place.
 F = Levels seen in this place.
 G = Mean time per level.
                   A        B        C        D        E       F      G
               +--------+--------+--------+--------+--------+-----+--------+
         Total |    947 |    923 |     24 |      0 |    738 |   2 |  473.5 |
       Dungeon |    947 |    923 |     24 |      0 |    738 |   2 |  473.5 |
               +--------+--------+--------+--------+--------+-----+--------+

Top non-repeatable levels by time:
     D:1: 839 daAuts
     D:2: 108 daAuts
